 Dungeon Sprint DCSS version 0.30-a0-385-gfebfb9b408 (webtiles) character file.

Game seed: 10163899120981366577

15881 rocky1 the Bludgeoner (level 12, -6/109 HPs)
             Began as a Formicid Fighter on Dec 3, 2022.
             Was the Champion of Okawaru.
             Killed from afar by a hell hog (38 damage)
             ... with a fireball
             ... in the Dungeon (Sprint VII: "The Pits").
             The game lasted 00:15:19 (3379 turns).

rocky1 the Bludgeoner (Formicid Fighter)            Turns: 3379, Time: 00:15:19

Health: -6/109     AC: 21    Str: 29    XL:     12   Next: 63%
Magic:  18/18      EV: 11    Int:  8    God:    Okawaru [******]
Gold:   38         SH:  8    Dex: 13    Spells: 11/11 levels left

rFire   . . .      SeeInvis +    b - +3 great mace (vorpal)
rCold   . . .      Faith    .    c - +0 buckler
rNeg    . . .      Spirit   .    s - +4 chain mail
rPois   .          Reflect  .    (helmet unavailable)
rElec   .          Harm     .    (no cloak)
rCorr   .          Rampage  .    (no gloves)
Will    +....                    r - +0 pair of boots
Stlth   +.........               (no amulet)
HPRegen 0.38/turn                l - +3 ring of strength
MPRegen 0.16/turn                m - +3 ring of protection

@: no status effects
A: permanent stasis, dig shafts and tunnels, antennae 3, four strong arms
a: Dig, Renounce Religion, Heroism, Finesse


You were in the Dungeon.
You worshipped Okawaru.
Okawaru was exalted by your worship.
You visited 1 branch You collected 38 gold pieces.

Inventory:

Hand Weapons
 b - a +3 vorpal great mace (weapon)
 h - the +8 storm bow {elec, penet}
   (You found it in the Dungeon)

   Any ammunition fired from it occasionally discharges a powerful burst of
   electricity upon striking a foe.
   Any ammunition fired by it passes through the targets it hits, potentially
   hitting all targets in its path until it reaches maximum range.
 k - a +0 flail of protection
 q - a +2 war axe of flaming
 F - a +2 morningstar of protection
Missiles
 d - 4 javelins (quivered)
 t - 3 silver javelins
 u - 2 throwing nets
 E - 2 boomerangs
Armour
 c - a +0 buckler (worn)
 r - a +0 pair of boots (worn)
 s - a +4 chain mail (worn)
Jewellery
 l - a +3 ring of strength (left hand)
 m - a +3 ring of protection (right hand)
 B - a ring of positive energy
 C - a +4 ring of evasion
 D - a ring of willpower
Wands
 z - a wand of quicksilver (10)
 A - a wand of paralysis (6)
Scrolls
 i - 7 scrolls of amnesia
 j - a scroll of summoning
 v - 3 scrolls of fear
 w - 2 scrolls of identify
 x - 2 scrolls of enchant armour
 y - 2 scrolls of enchant weapon
Potions
 a - a potion of degeneration {unknown}
 e - 10 potions of curing
 f - 5 potions of heal wounds
 g - 4 potions of magic
 n - 2 potions of resistance
 p - 2 potions of brilliance
Miscellaneous
 o - a condenser vane


   Skills:
 + Level 15.0 Fighting
 + Level 18.3 Maces & Flails
 + Level 1.1 Ranged Weapons
 - Level 1.2 Throwing
 + Level 13.3 Armour
 + Level 6.7 Dodging
 - Level 9.4 Stealth
 + Level 16.5 Shields
 - Level 8.3 Invocations
 + Level 3.7 Evocations


You had 11 spell levels left.
You didn't know any spells.
Your spell library contained the following spells:

 Spells                   Type           Power      Damage    Failure   Level
 Cause Fear               Hex            0%         N/A       100%        4
 Fulminant Prism          Conj/Hex       0%         3d5       100%        4
 Infestation              Necr           Unusable   N/A       N/A         8

Dungeon Overview and Level Annotations

Branches:
Dungeon (1/1)

Altars:
Ashenzari
Cheibriados
Dithmenos
Elyvilon
Fedhas
Gozag
Hepliaklqana
Kikubaaqudgha
Makhleb
Nemelex Xobeh
Okawaru
Qazlal
Ru
Sif Muna
Trog
Uskayaw
Vehumet
Wu Jian
Xom
Yredelemnul
Zin
The Shining One
Jiyva
Lugonu


Innate Abilities, Weirdness & Mutations

You cannot be hasted, slowed, berserked, paralysed or teleported.
You can dig through walls and to a lower floor.
You have a pair of large antennae on your head. (SInv)
Your four strong arms can wield two-handed weapons with a shield.


Message History

The hell hog breathes fire at you.
The fireball explodes!
The fireball engulfs you!!
You hear a bleat!
You hear an angry hiss.
You hear a shout!
Found a +1 war axe of venom.
You hear a shout!
You hear a deafening roar!
You sock the hell hog!
The hell hog is moderately wounded.
The hell hog breathes fire at you.
The fireball explodes!
The fireball engulfs you!!
The fireball engulfs the hell hog.
The hell hog completely resists.
You bludgeon the hell hog!!
The hell hog is almost dead.
You hear a bleat!
The hell hog bites you but does no damage.
You crush the hell hog like a grape!!!
You kill the hell hog!
Okawaru accepts your kill.
Your Ranged Weapons skill increases to level 1!
Unknown command.
You feel better.
Unknown command.
You barely miss the hell hog. The hell hog breathes fire at you.
The fireball explodes!
The fireball engulfs you!
The fireball engulfs the hell hog.
The hell hog completely resists.
You hear an angry hiss.
You hear a shout!
You bludgeon the hell hog!!
The hell hog is heavily wounded.
The hell hog bites you!
A dream sheep comes into view.
You sock the hell hog!
The hell hog is severely wounded.
The hell hog bites you!
* * * LOW HITPOINT WARNING * * *
You completely miss the hell hog.
The hell hog is severely wounded.
You block the hell hog's attack. The hell hog breathes fire at you.
The fireball explodes!
The fireball engulfs you!!!
You die...

{ { { { { {
{ { { {{
###########
########
{{{
#..........
........
{{{
#..@.......
........
{{{
#.h########
#######.
{{{ #..{#{
{ { { { {#.


{{{{{{{ #..#.#{ { { { { { #. {{{{{{{ #..##{#{ { { { { {#. {{{{{{{ #..# #{#{ { {
{ { #. {{{{{{{ #..# #h#{ { { { {#. #..################.
#############................... You could see a hell hog (catching breath).

Vanquished Creatures
  A titan (D)
  A death cob (D)
  Harold (D)
  A boulder beetle (D)
  Urug (D)
  A hell hog (D)
  A spriggan berserker (D)
  A flayed ghost (D)
  A lindwurm (D)
  A deep elf zephyrmancer (D)
  A necromancer (D)
  A wolf spider (D)
  A cyclops (shapeshifter) (D)
  2 elephants (D)
  A guardian serpent (D)
  A black mamba (D)
  2 smoke demons (D)
  An eye of devastation (D)
  An unseen horror (D)
  A cane toad (D)
  2 kobold demonologists (D)
  Psyche (D)
  2 hellwings (D)
  A komodo dragon (D)
  A troll (D)
  A hornet (D)
  A tarantella (D)
  3 ynoxinuls (D)
  A spriggan (D)
  2 fire elementals (D)
  A basilisk (D)
  A wyvern (D)
  A wraith (D)
  A steam dragon (D)
  5 vampire mosquitoes (D)
  A redback (D)
  3 wargs (D)
  A water moccasin (D)
  5 wolves (D)
  A centaur (D)
  A kobold brigand (D)
  Blork the orc (D)
  A necrophage (D)
  A quasit (D)
  A gnoll bouda (D)
  A jelly (D)
  An orc priest (D)
  2 iron imps (D)
  2 iguanas (D)
  A hell rat (D)
  2 orc wizards (D)
  6 gnolls (D)
  An adder (D)
  A white imp (D)
  An ufetubus (D)
  2 adder skeletons (D)
  2 orcs (D)
  A bat (D)
  3 bat skeletons (D)
  A bat zombie (D)
  An endoplasm (D)
  2 giant cockroaches (D)
  5 kobolds (D)
  3 ball pythons (D)
  2 ball python skeletons (D)
  A giant cockroach zombie (D)
  A rat (D)
104 creatures vanquished.

Vanquished Creatures (others)
  An endoplasm (D)
  A ball python simulacrum (D)
2 creatures vanquished.

Grand Total: 106 creatures vanquished

Notes
Turn   | Place    | Note
-------+----------+-------------------------------------------
     0 | D        | rocky1 the Formicid Fighter began the quest for the Orb.
     0 | D        | Reached XP level 1. HP: 18/18 MP: 1/1
    47 | D        | Found a bloodstained altar of Trog.
    47 | D        | Found a shimmering blue altar of Sif Muna.
    47 | D        | Found a viscous altar of Jiyva.
    47 | D        | Found a hazy altar of Hepliaklqana.
    47 | D        | Found an opulent altar of Gozag.
    48 | D        | Found a glowing golden altar of the Shining One.
    48 | D        | Found a glowing silver altar of Zin.
    48 | D        | Found a basalt altar of Yredelemnul.
    48 | D        | Found a shimmering altar of Xom.
    48 | D        | Found an ornate altar of the Wu Jian Council.
    48 | D        | Found a sacrificial altar of Ru.
    48 | D        | Found a stormy altar of Qazlal.
    48 | D        | Found an iron altar of Okawaru.
    48 | D        | Found a sparkling altar of Nemelex Xobeh.
    48 | D        | Found a burning altar of Makhleb.
    48 | D        | Found a blossoming altar of Fedhas.
    48 | D        | Found a white marble altar of Elyvilon.
    48 | D        | Found a shadowy altar of Dithmenos.
    48 | D        | Found a snail-covered altar of Cheibriados.
    52 | D        | Found a corrupted altar of Lugonu.
    52 | D        | Found a radiant altar of Vehumet.
    53 | D        | Found a broken altar of Ashenzari.
    53 | D        | Found an ancient bone altar of Kikubaaqudgha.
    53 | D        | Found a hide-covered altar of Uskayaw.
    62 | D        | Became a worshipper of Warmaster Okawaru
    77 | D        | Reached skill level 5 in Shields
    77 | D        | Reached XP level 2. HP: 22/25 MP: 2/2
   204 | D        | Noticed a kobold brigand
   217 | D        | Killed a kobold brigand
   218 | D        | Reached skill level 5 in Fighting
   218 | D        | Reached skill level 4 in Maces & Flails
   218 | D        | Reached skill level 5 in Armour
   218 | D        | Reached XP level 3. HP: 33/34 MP: 3/3
   218 | D        | Reached XP level 4. HP: 39/40 MP: 4/4
   404 | D        | Reached * piety under Okawaru
   409 | D        | Noticed a warg
   415 | D        | Reached XP level 5. HP: 36/46 MP: 5/5
   423 | D        | Reached skill level 5 in Maces & Flails
   429 | D        | Reached skill level 6 in Maces & Flails
   431 | D        | Reached XP level 6. HP: 39/53 MP: 2/6
   457 | D        | Killed a warg
   458 | D        | Reached skill level 7 in Maces & Flails
   458 | D        | Reached skill level 1 in Dodging
   461 | D        | Reached ** piety under Okawaru
   462 | D        | Reached skill level 8 in Maces & Flails
   465 | D        | Reached skill level 1 in Invocations
   554 | D        | Noticed a warg
   566 | D        | Killed a warg
   567 | D        | Reached skill level 9 in Maces & Flails
   567 | D        | Reached skill level 10 in Shields
   567 | D        | Reached XP level 7. HP: 50/61 MP: 4/8
   569 | D        | Noticed a ynoxinul
   574 | D        | Killed a ynoxinul
   575 | D        | Reached skill level 10 in Maces & Flails
   800 | D        | Reached XP level 8. HP: 62/68 MP: 9/9
   822 | D        | Noticed a ynoxinul
   822 | D        | Noticed a flayed ghost
   852 | D        | Killed a flayed ghost
   852 | D        | Reached *** piety under Okawaru
   853 | D        | Reached skill level 12 in Maces & Flails
   853 | D        | Reached skill level 1 in Stealth
   863 | D        | Killed a ynoxinul
   863 | D        | Reached **** piety under Okawaru
   864 | D        | Reached XP level 9. HP: 49/76 MP: 9/11
  1064 | D        | Noticed a troll
  1086 | D        | Killed a troll
  1087 | D        | Reached skill level 13 in Maces & Flails
  1110 | D        | Noticed an elephant
  1115 | D        | Killed an elephant
  1124 | D        | Reached skill level 10 in Armour
  1141 | D        | Reached skill level 10 in Fighting
  1141 | D        | Reached skill level 14 in Maces & Flails
  1173 | D        | Noticed a hellwing
  1190 | D        | Killed a hellwing
  1204 | D        | Reached ***** piety under Okawaru
  1205 | D        | Reached XP level 10. HP: 78/86 MP: 12/12
  1334 | D        | Noticed Blork the orc
  1334 | D        | Noticed a smoke demon
  1347 | D        | Killed Blork the orc
  1355 | D        | Killed a smoke demon
  1483 | D        | Noticed a wolf spider
  1490 | D        | Killed a wolf spider
  1491 | D        | Reached skill level 15 in Maces & Flails
  1492 | D        | Noticed a deep elf zephyrmancer
  1494 | D        | Noticed Psyche
  1500 | D        | Noticed an elephant
  1512 | D        | Killed Psyche
  1525 | D        | Killed an elephant
  1525 | D        | Received a gift from Okawaru
  1526 | D        | Reached skill level 5 in Invocations
  1534 | D        | Killed a deep elf zephyrmancer
  1537 | D        | Noticed Urug
  1539 | D        | Noticed a black mamba
  1547 | D        | Noticed a boulder beetle
  1548 | D        | Noticed a kobold demonologist
  1552 | D        | Noticed a kobold demonologist
  1559 | D        | Killed a black mamba
  1559 | D        | Received a gift from Okawaru
  1564 | D        | Reached skill level 16 in Maces & Flails
  1567 | D        | Noticed a rust devil
  1573 | D        | Noticed a soul eater
  1581 | D        | Reached XP level 11. HP: 58/95 MP: 7/15
  1601 | D        | Killed Urug
  1602 | D        | Reached skill level 1 in Throwing
  1616 | D        | Killed a boulder beetle
  1857 | D        | Noticed Harold
  1858 | D        | Received a gift from Okawaru
  1875 | D        | Reached skill level 5 in Dodging
  1881 | D        | Killed Harold
  2314 | D        | Reached skill level 15 in Shields
  2322 | D        | Noticed a necromancer
  2330 | D        | Killed a necromancer
  2330 | D        | Received a gift from Okawaru
  2331 | D        | Reached skill level 17 in Maces & Flails
  2661 | D        | Noticed a spriggan rider
  2661 | D        | Noticed a spriggan berserker
  2661 | D        | Noticed a titan
  2667 | D        | Killed a spriggan berserker
  2668 | D        | Reached XP level 12. HP: 84/107 MP: 9/18
  2697 | D        | Killed a titan
  2697 | D        | Reached ****** piety under Okawaru
  2698 | D        | Reached skill level 18 in Maces & Flails
  2709 | D        | Got the Almanac of Execration and the Mausoleum
  2974 | D        | Noticed a death cob
  2981 | D        | Killed a death cob
  3052 | D        | Received a gift from Okawaru
  3055 | D        | Reached skill level 15 in Fighting
  3370 | D        | Noticed a hell hog
  3370 | D        | Noticed a hell hog
  3370 | D        | Noticed a hell hog
  3370 | D        | Noticed a hell hog
  3374 | D        | Killed a hell hog
  3375 | D        | Reached skill level 1 in Ranged Weapons
  3379 | D        | Killed from afar by a hell hog

Illustrated notes

Levels and vault maps discovered:
D:        pitsprint [storerooms_1, entrance_room_1, metal_vault_6, armoury_1,
          mini_pit_1, grid_room_1, main_hall_1, silver_pit, the_coven_1,
          the_vestibule_1, steel_vault_5, golden_pit, hallway_of_sentries,
          crystal_vault_4, iron_vault_1, final_vault]

Skill      XL: |  1  2  3  4  5  6  7  8  9 10 11 12 |
---------------+-------------------------------------+-----
Fighting       | 4 5 6 7 8 9 10 12 14 15 | 15.0
Armour         | 4 5 6 7 9 10 11 12 13 | 13.3
Shields        | 5 7 8 10 11 12 13 15 16 | 16.5
Maces & Flails | 4 6 9 10 12 14 16 17 18 | 18.3
Dodging        | 1 2 3 4 5 6 |  6.7
Invocations    | 1 2 3 6 8 |  8.3
Stealth        | 1 2 9 |  9.4
Throwing       | 1 |  1.2
Evocations     | 3 |  3.7
Ranged Weapons | 1 |  1.1

Action                   |  1- 3 |  4- 6 |  7- 9 | 10-12 || total
-------------------------+-------+-------+-------+-------++-------
Melee: Flail             |    21 |    76 |   108 |   113 ||   318
       Great mace        |       |       |       |   142 ||   142
Throw: Javelin           |       |       |       |     2 ||     2
Invok: Heroism           |       |     3 |     4 |     4 ||    11
       Finesse           |       |       |       |     4 ||     4
  Use: Potion            |     1 |     1 |       |    11 ||    13
 Stab: Invisible         |       |       |       |    12 ||    12
Armor: Scale mail        |    15 |       |       |       ||    15
       Chain mail        |       |    37 |    49 |   110 ||   196
Dodge: Dodged            |    18 |    15 |    48 |   114 ||   195
Block: Buckler           |     8 |    22 |    28 |   100 ||   158

Table legend: (Time is in decaauts)
 A = Elapsed time spent in this place.
 B = Non-inter-level travel time spent in this place.
 C = Inter-level travel time spent in this place.
 D = Time resting spent in this place.
 E = Time spent auto-exploring this place.
 F = Levels seen in this place.
 G = Mean time per level.
                   A        B        C        D        E       F      G
               +--------+--------+--------+--------+--------+-----+--------+
         Total |   3266 |   3207 |     59 |   1934 |      0 |   1 | 3266.0 |
       Dungeon |   3266 |   3207 |     59 |   1934 |      0 |   1 | 3266.0 |
               +--------+--------+--------+--------+--------+-----+--------+

Top non-repeatable levels by time:
       D: 3266 daAuts
